 Dungeon Crawl Stone Soup version 0.23.2-40-g277498a001 (webtiles) character file.

Game seed: 18241853832243881574

168 Walther the Poker (level 5, -11/42 HPs)
             Began as a Human Monk on Sept 22, 2019.
             Mangled by an iguana (13 damage)
             ... on level 4 of the Dungeon.
             The game lasted 01:01:48 (3908 turns).

Walther the Poker (Human Monk)                      Turns: 3908, Time: 01:01:48

Health: -11/42     AC:  4    Str: 12    XL:     5   Next: 78%
Magic:  5/5        EV: 13    Int: 11    God:
Gold:   190        SH:  0    Dex: 15    Spells: 4/4 levels left

rFire    + . .     SeeInvis +   a - +0 spear
rCold    . . .     Gourm    .   (no shield)
rNeg     . . .     Faith    .   m - +0 leather armour
rPois    .         Spirit   .   (no helmet)
rElec    .         Reflect  .   (no cloak)
rCorr    .         Harm     .   (no gloves)
MR       .....     Rnd*Tele +   d - +0 pair of boots
Stlth    ++........             (no amulet)
HPRegen  0.14/turn              e - ring of see invisible
MPRegen  0.09/turn              (no ring)

@: no status effects
A: fire resistance 1, screaming 1, teleportitis 1
a: no special abilities


You were on level 4 of the Dungeon.
You were not hungry.

You visited 1 branch of the dungeon, and saw 4 of its levels.

You collected 190 gold pieces.

Inventory:

Hand Weapons
 a - a +0 spear (weapon)
 p - a +2 dagger of protection
Missiles
 j - 5 needles of paralysis (quivered)
 o - 35 arrows
 s - 14 poisoned needles
 v - 28 bolts
Armour
 b - a +0 robe
 d - a +0 pair of boots (worn)
 m - a +0 leather armour (worn)
Jewellery
 e - a ring of see invisible (left hand)
Wands
 i - a wand of digging (5)
Scrolls
 c - a scroll of enchant armour {unknown}
 f - a scroll of teleportation
 h - 2 scrolls of fog
 l - a scroll of amnesia {unknown}
 q - a scroll of remove curse
 r - a scroll of enchant weapon {unknown}
 t - a scroll of magic mapping {unknown}
 u - 2 scrolls of random uselessness {unknown}
Potions
 g - a potion of might
 k - a potion of haste
Comestibles
 n - a ration


   Skills:
 + Level 3.8 Fighting
 + Level 4.2 Polearms
 + Level 1.8 Armour
 + Level 3.7 Dodging
 + Level 2.5 Stealth


You had 4 spell levels left.
You didn't know any spells.
Your spell library was empty.

Dungeon Overview and Level Annotations

Branches:
Dungeon (4/15)
 Temple: D:4-7

Altars:


Innate Abilities, Weirdness & Mutations

Your flesh is heat resistant. (rF+)
You occasionally shout uncontrollably at your foes.
You are occasionally teleported next to monsters.


Message History

You toss away a needle of paralysis.
The needle of paralysis barely misses the iguana.
The iguana bites you.
* * * LOW HITPOINT WARNING * * *
Tossing away (i - inventory)
j - 6 needles of paralysis (quivered)
Press: ? - help, Shift-Dir - straight line, f/p - iguana
Aim: an iguana (moderately wounded)
You toss away a needle of paralysis.
The needle of paralysis hits the iguana.
The iguana is moderately wounded.
The iguana bites you.
* * * LOW HITPOINT WARNING * * *
The iguana barely misses you.
As you read the scroll labeled BEDEIT LEALOM, it crumbles to dust.
You feel blessed for a moment.
It was a scroll of remove curse.
The iguana bites you.
* * * LOW HITPOINT WARNING * * *
As you read the scroll of fog, it crumbles to dust.
The scroll dissolves into smoke.
The iguana bites you!
You die...

##..............#...
.........#......#..
......<##.......... .
.......#........... ..
#............##.## %..
...#...#..#..##..# ...(
..
#..#...#..#§..###.(...
.
............§§##).....#
............§§@l#
...#.........§§§##
..........§.§.#
...............
...........#....
................
..............##
...###. #..#


You could see an iguana.

Vanquished Creatures
  An orc priest (D:3)
  Jessica (D:2)
  2 adders
  A worm (D:2)
  2 dart slugs (D:1)
  4 leopard geckos
  9 orcs
  A ball python (D:1)
  A giant cockroach (D:1)
  7 goblins
  11 hobgoblins
  5 quokkas
  6 bats
  5 frilled lizards
  10 kobolds
  5 rats
71 creatures vanquished.

Notes
Turn   | Place    | Note
-------+----------+-------------------------------------------
     0 | D:1      | Walther the Human Monk began the quest for the Orb.
     0 | D:1      | Reached XP level 1. HP: 18/18 MP: 1/1
   209 | D:1      | Reached XP level 2. HP: 24/24 MP: 2/2
   600 | D:1      | Reached XP level 3. HP: 29/29 MP: 3/3
  1267 | D:2      | HP: 1/29 [worm (8)]
  1268 | D:2      | Gained mutation: You are occasionally teleported next to
                  | monsters. [potion of mutation]
  1268 | D:2      | Gained mutation: You occasionally shout uncontrollably at
                  | your foes. [potion of mutation]
  1268 | D:2      | Gained mutation: Your flesh is heat resistant. (rF+)
                  | [potion of mutation]
  1379 | D:2      | Noticed Jessica
  1417 | D:2      | Killed Jessica
  1417 | D:2      | Reached skill level 1 in Armour
  1417 | D:2      | Reached XP level 4. HP: 33/35 MP: 4/4
  2405 | D:3      | Reached XP level 5. HP: 33/41 MP: 5/5
  2421 | D:3      | Reached skill level 4 in Polearms
  3907 | D:4      | HP: 1/42 [iguana (2)]
  3908 | D:4      | Mangled by an iguana

Skill      XL: |  1  2  3  4  5 |
---------------+----------------+-----
Armour         | 1 |  1.8
Polearms       | 4 |  4.2
Fighting       | |  3.8
Dodging        | |  3.7
Stealth        | |  2.5

Action                   |  1- 3 |  4- 6 || total
-------------------------+-------+-------++-------
Melee: Spear             |   102 |   229 ||   331
  Use: Potion            |     4 |     2 ||     6
       Scroll            |       |     9 ||     9
 Stab: Sleeping          |     4 |     4 ||     8
  Eat: Ration            |     1 |     1 ||     2
       Chunk             |       |     3 ||     3
Armor: Ring mail         |    14 |       ||    14
       Robe              |     2 |       ||     2
       Leather armour    |    12 |    43 ||    55
       Skin              |       |    22 ||    22
Dodge: Dodged            |    62 |   112 ||   174
